 Dungeon Crawl Stone Soup version 0.24-a0-788-g2b66604 (webtiles) character file.

Game seed: 2959138781143608514, levelgen mode: deterministic

23478 qdestroyer the Blocker (level 12, -10/108 HPs)
             Began as a Minotaur Fighter on Oct 9, 2019.
             Was a High Priest of Okawaru.
             Mangled by a freezing wraith (14 damage)
             ... led by a death knight
             ... on level 12 of the Dungeon.
             The game lasted 00:32:39 (12550 turns).

qdestroyer the Blocker (Minotaur Fighter)          Turns: 12550, Time: 00:32:39

Health: -10/108    AC: 24    Str: 25    XL:     12   Next: 72%
Magic:  11/11      EV: 11    Int:  5    God:    Okawaru [*****.]
Gold:   491        SH: 13    Dex: 11    Spells: 11/11 levels left

rFire    . . .     SeeInvis .   z - +2 demon whip
rCold    . . .     Gourm    .   c - +0 shield
rNeg     . . .     Faith    .   l - +3 chain mail
rPois    +         Spirit   .   (helmet restricted)
rElec    .         Reflect  .   a - +2 cloak {rPois}
rCorr    .         Harm     .   r - +2 pair of gloves {archery}
MR       .....                  (no boots)
Stlth    ..........             (no amulet)
HPRegen  0.28/turn              q - +2 ring of protection
MPRegen  0.12/turn              y - +2 ring of evasion

@: no status effects
A: retaliatory headbutt, horns 2
a: Heroism, Finesse, Renounce Religion


You were on level 12 of the Dungeon.
You worshipped Okawaru.
Okawaru was extremely pleased with you.
You were not hungry.

You visited 1 branch of the dungeon, and saw 13 of its levels.
You also visited: Sewer and Gauntlet.

You collected 626 gold pieces.
You spent 135 gold pieces at shops.

Inventory:

Hand Weapons
 t - the +6 trident "Qeazy" {vamp, MP+9 Dex+2}
   (You found it on level 8 of the Dungeon)

   It inflicts no extra harm, but heals its wielder when it wounds a living foe.
   It affects your dexterity (+2).
   It affects your magic capacity (+9).
 z - a +2 demon whip (weapon)
 F - the +10 hunting sling of Juho {velocity, MR+}
   (Okawaru gifted it to you on level 12 of the Dungeon)

   Any stone fired from it inflicts extra damage.
   It affects your resistance to hostile enchantments.
Armour
 a - a +2 cloak of poison resistance (worn)
 c - a +0 shield (worn)
 l - a +3 chain mail (worn)
 r - a +2 pair of gloves of archery (worn)
Jewellery
 b - an uncursed ring of resist corrosion
 e - an uncursed ring of positive energy
 h - an uncursed ring of protection from magic
 q - a +2 ring of protection (left hand)
 y - a +2 ring of evasion (right hand)
Wands
 w - a wand of random effects (29)
 E - a wand of flame (13)
Scrolls
 d - 5 scrolls of magic mapping
 i - a scroll of identify
 o - a scroll of teleportation
 p - 3 scrolls of remove curse
 u - a scroll of enchant weapon
 v - 2 scrolls of fog
 x - 4 scrolls of enchant armour
Potions
 g - 2 potions of flight
 m - a potion of cancellation
 n - 2 potions of invisibility
 s - a potion of resistance
 C - a potion of might
 D - a potion of ambrosia
Miscellaneous
 A - a box of beasts
Comestibles
 f - 12 rations


   Skills:
 + Level 10.8 Fighting
   Level 11.7(13.8) Axes
 + Level 9.8(12.1) Maces & Flails
 + Level 8.3(11.1) Polearms
 + Level 11.1 Armour
 + Level 3.8 Dodging
 + Level 0.3 Stealth
 + Level 12.0 Shields
 + Level 0.3 Invocations


You had 11 spell levels left.
You didn't know any spells.
Your spell library contained the following spells:

 Spells                   Type           Power        Failure   Level  Hunger
 Shock                    Conj/Air       #...         98%         1    ##.....
 Sting                    Conj/Pois      #...         98%         1    ##.....
 Poisonous Vapours        Pois/Air       #.....       99%         2    ###....
 Sublimation of Blood     Necr           #.........   99%         2    ###....
 Swiftness                Chrm/Air       #.......     99%         2    ###....
 Ignite Poison            Fire/Tmut/Pois #.......     100%        3    ####...
 Mephitic Cloud           Conj/Pois/Air  #.......     100%        3    ####...
 Static Discharge         Conj/Air       #.......     100%        3    ####...
 Airstrike                Air            #.........   100%        4    #####..
 Olgreb's Toxic Radiance  Pois           #.......     100%        4    #####..
 Petrify                  Tmut/Erth      #.......     100%        4    #####..
 Alistair's Intoxication  Tmut/Pois      #.......     100%        5    ######.
 Irradiate                Conj/Tmut      #.........   100%        5    ######.
 Lightning Bolt           Conj/Air       #.........   100%        5    ######.
 Venom Bolt               Conj/Pois      #.........   100%        5    ######.
 Hydra Form               Tmut           #.........   100%        6    #######
 Poison Arrow             Conj/Pois      #.........   100%        6    #######
 Statue Form              Tmut/Erth      #........    100%        6    #######
 Dragon Form              Tmut           #.........   100%        7    #######
 Chain Lightning          Conj/Air       #.........   100%        8    #######
 Lehudib's Crystal Spear  Conj/Erth      #.........   100%        8    #######
 Fire Storm               Conj/Fire      #.........   100%        9    #######
 Glaciate                 Conj/Ice       #.........   100%        9    #######


Dungeon Overview and Level Annotations

Branches:
Dungeon (13/15)            Temple (0/1) D:5            Lair (0/6) D:11
    Orc (0/2) D:11          Sewer (visited)         Gauntlet (visited)
 Vaults: D:13-14

Altars:
Ashenzari
Gozag
Nemelex Xobeh
Okawaru
Ru
Trog

Shops:
D:4 [

Annotations:
D:13 3 runed translucent doors


Innate Abilities, Weirdness & Mutations

You reflexively headbutt those who attack you in melee.
You have a pair of horns on your head.


Message History

* * * LOW HITPOINT WARNING * * *
The freezing wraith hits you but does no damage.
You are too injured to fight recklessly!
Unknown command.
You block the crimson imp's attack.
The skeletal warrior hits you with a +0 mace!
* * * LOW HITPOINT WARNING * * *
The freezing wraith hits you.
* * * LOW HITPOINT WARNING * * *
The freezing wraith freezes you!
* * * LOW HITPOINT WARNING * * *
The freezing wraith hits you but does no damage.
You climb upwards.
There is a stone staircase leading down, spattered with blood here.
You feel better.
The crimson imp hits you but does no damage.
The freezing wraith hits you!
* * * LOW HITPOINT WARNING * * *
The freezing wraith freezes you!
You die...

#########################
#......5.W...............
#......z@................
#..####################..
#..####################..
#........................
#........................
#.......................#
#..####################.#
#..# #.# #..# #.#


You could see a skeletal warrior, a freezing wraith and a crimson imp.

Vanquished Creatures
  A reaper (Gauntlet)
  A minotaur (Gauntlet)
  Snorg (D:10)
  A death knight (D:12)
  3 two-headed ogres
  A centaur warrior (D:12)
  Nergalle (D:10)
  A skeletal warrior (D:8)
  An obsidian statue (Gauntlet)
  An unseen horror (D:11)
  Pikel (D:5)
  2 ugly things (D:11)
  An oklob plant (D:11)
  2 cyclopes
  A centaur zombie (D:12)
  A gargoyle (D:12)
  2 kobold demonologists (D:12)
  A freezing wraith (D:13)
  A hellwing (Gauntlet)
  3 trolls
  A hornet (D:8)
  3 hippogriffs
  3 slime creatures (D:10)
  A vampire (D:10)
  13 yaks
  2 wraiths
  3 hogs (D:7)
  Grum (D:9)
  A basilisk (D:12)
  A human (D:7)
  A hungry ghost (D:8)
  Menkaure (D:7)
  A soldier ant (D:13)
  Duvessa (D:4)
  2 water moccasins
  3 black bears
  4 orc warriors
  2 sky beasts
  5 ice beasts
  Purgy (Sewer)
  2 phantoms
  A slave (D:5)
  3 ogres
  An eye of draining (D:11)
  2 wolves (D:9)
  3 centaurs
  6 big kobolds
  5 bullfrogs
  Dowan (D:4)
  6 scorpions
  10 killer bees
  3 wights (D:9)
  5 howler monkeys
  4 crimson imps
  3 hounds
  A quasit (D:8)
  2 bullfrog zombies
  2 jellies
  2 centaur skeletons
  4 orc priests
  7 orc wizards
  2 bullfrog skeletons
  4 iguanas
  7 worker ants
  2 killer bee zombies
  A human simulacrum (D:12)
  2 hound skeletons (D:7)
  4 worker ant zombies
  3 gnolls (D:3)
  2 howler monkey skeletons
  8 adders
  4 shadow imps
  2 adder zombies (D:7)
  3 worms (D:2)
  5 dart slugs
  4 leopard geckos
  45 orcs
  5 bats
  9 giant cockroaches
  9 goblins
  3 hobgoblins (D:2)
  14 jackals
  4 quokkas
  A ball python (D:2)
  2 frilled lizards
  A giant cockroach zombie (D:5)
  A jackal zombie (D:6)
  37 kobolds
  A leopard gecko skeleton (D:5)
  5 rats
340 creatures vanquished.

Vanquished Creatures (others)
  A quasit (D:12)
  An orc wizard (D:12)
  A human simulacrum (D:12)
  A giant cockroach (D:5)
  A plant (D:11)
5 creatures vanquished.

Grand Total: 345 creatures vanquished

Notes
Turn   | Place    | Note
-------+----------+-------------------------------------------
     0 | D:1      | qdestroyer the Minotaur Fighter began the quest for the
                  | Orb.
     0 | D:1      | Reached XP level 1. HP: 19/19 MP: 0/0
    86 | D:1      | Reached skill level 4 in Shields
    89 | D:1      | Reached XP level 2. HP: 23/27 MP: 1/1
   793 | D:2      | Reached XP level 3. HP: 29/33 MP: 2/2
  1059 | D:2      | Reached XP level 4. HP: 40/40 MP: 3/3
  1800 | D:3      | Reached XP level 5. HP: 46/46 MP: 4/4
  1807 | D:3      | Found a sacrificial altar of Ru.
  1838 | D:3      | Noticed a phantom
  1838 | D:3      | Noticed an ogre
  2029 | D:3      | Reached skill level 1 in Dodging
  2253 | D:4      | Found a glowing drain.
  2270 | Sewer    | Entered a sewer
  2312 | Sewer    | Reached skill level 5 in Axes
  2378 | Sewer    | Noticed Purgy
  2399 | Sewer    | Killed Purgy
  2399 | Sewer    | Reached XP level 6. HP: 15/53 MP: 5/5
  2667 | D:4      | Found Akoleb's Antique Armour Emporium.
  2674 | D:4      | Reached skill level 5 in Shields
  2702 | D:4      | Bought a runed cloak for 135 gold pieces
  2899 | D:4      | Noticed Duvessa
  2900 | D:4      | Noticed Dowan
  2908 | D:4      | Killed Duvessa
  2908 | D:4      | Reached skill level 5 in Armour
  2913 | D:4      | Killed Dowan
  2913 | D:4      | Reached XP level 7. HP: 43/60 MP: 6/6
  3017 | D:5      | Entered Level 5 of the Dungeon
  3084 | D:5      | Noticed Pikel
  3089 | D:5      | Killed Pikel
  3089 | D:5      | Reached skill level 5 in Fighting
  3089 | D:5      | Reached skill level 6 in Shields
  3089 | D:5      | Reached XP level 8. HP: 66/69 MP: 7/7
  3361 | D:5      | Found a staircase to the Ecumenical Temple.
  3705 | D:6      | Found a bloodstained altar of Trog.
  3879 | D:6      | Found a shattered altar of Ashenzari.
  4250 | D:7      | Reached XP level 9. HP: 78/78 MP: 8/8
  4325 | D:7      | Noticed Menkaure
  4332 | D:7      | Killed Menkaure
  4332 | D:7      | Reached skill level 10 in Axes
  4332 | D:7      | Reached skill level 7 in Shields
  4491 | D:7      | Found a sparkling altar of Nemelex Xobeh.
  4717 | D:7      | Reached skill level 8 in Shields
  4908 | D:8      | Got a fine trident
  4958 | D:8      | Identified the +6 trident "Qeazy" {vamp, MP+9 Dex+2} (You
                  | found it on level 8 of the Dungeon)
  4994 | D:8      | Reached XP level 10. HP: 84/88 MP: 9/9
  5116 | D:8      | Noticed a two-headed ogre
  5126 | D:8      | Killed a two-headed ogre
  5126 | D:8      | Reached skill level 9 in Shields
  5440 | D:8      | Noticed a skeletal warrior
  5452 | D:8      | Killed a skeletal warrior
  5537 | D:8      | Found Jaikh's General Store.
  5962 | D:9      | Found an iron altar of Okawaru.
  5996 | D:9      | Reached skill level 5 in Polearms
  6001 | D:9      | Became a worshipper of Warmaster Okawaru
  6141 | D:9      | You fall into a shaft and drop 1 floor!
  6141 | D:10     | Entered Level 10 of the Dungeon
  6155 | D:10     | Noticed Snorg
  6170 | D:10     | Killed Snorg
  6549 | D:9      | Noticed Grum
  6564 | D:9      | Killed Grum
  6564 | D:9      | Reached * piety under Okawaru
  6817 | D:10     | Reached XP level 11. HP: 83/95 MP: 10/10
  6827 | D:10     | Reached skill level 10 in Shields
  7032 | D:10     | Reached skill level 1 in Maces & Flails
  7566 | D:10     | Reached ** piety under Okawaru
  8313 | D:10     | Noticed Nergalle
  8334 | D:10     | Killed Nergalle
  8441 | D:11     | Reached *** piety under Okawaru
  8536 | D:11     | Found a staircase to the Orcish Mines.
  8559 | D:11     | Noticed a green ugly thing
  8569 | D:11     | Killed an unseen horror
  8569 | D:11     | Reached skill level 5 in Maces & Flails
  8618 | D:11     | Found a gate leading to a gauntlet.
  8746 | Gauntlet | Entered a Gauntlet
  8746 | Gauntlet | Found a transporter.
  8746 | Gauntlet | Found a transporter.
  8746 | Gauntlet | Found a transporter.
  8746 | Gauntlet | Noticed an obsidian statue
  8768 | Gauntlet | Found a transporter.
  8768 | Gauntlet | Found a transporter.
  8778 | Gauntlet | Noticed a reaper
  8779 | Gauntlet | Found a transporter.
  8800 | Gauntlet | Found a transporter.
  8801 | Gauntlet | Noticed an orb spider
  8804 | Gauntlet | Noticed a minotaur
  8805 | Gauntlet | an orb spider changed into a wind drake
  8808 | Gauntlet | Found a transporter.
  8810 | Gauntlet | Noticed a queen ant
  8811 | Gauntlet | Found a transporter.
  8833 | Gauntlet | Found a transporter.
  8839 | Gauntlet | Found a transporter.
  8857 | Gauntlet | Found a transporter.
  8963 | Gauntlet | Noticed a deep troll
  8963 | Gauntlet | an elephant changed into a deep troll
  8979 | Gauntlet | a deep troll changed into a cyclops
  9050 | Gauntlet | Killed an obsidian statue
  9338 | Gauntlet | Killed a reaper
  9338 | Gauntlet | Reached skill level 10 in Armour
  9370 | Gauntlet | Reached **** piety under Okawaru
  9635 | Gauntlet | Noticed a shock serpent
  9682 | Gauntlet | HP: 4/97 [minotaur (6)]
  9703 | Gauntlet | Killed a minotaur
  9703 | Gauntlet | Reached skill level 11 in Shields
 10016 | D:11     | Noticed a two-headed ogre
 10021 | D:11     | Killed a two-headed ogre
 10028 | D:11     | Noticed a white ugly thing
 10040 | D:11     | Killed a white ugly thing
 10040 | D:11     | Reached XP level 12. HP: 92/106 MP: 11/11
 10105 | D:11     | Reached ***** piety under Okawaru
 10105 | D:11     | Reached skill level 10 in Fighting
 10139 | D:11     | Found a staircase to the Lair.
 10339 | D:11     | Got a glittering ruby amulet
 10732 | D:11     | Noticed a two-headed ogre
 10738 | D:11     | Killed a two-headed ogre
 11183 | D:12     | Received a gift from Okawaru
 11191 | D:12     | Got a fine hunting sling {god gift}
 11194 | D:12     | Identified the amulet "Asyeduc" {Inacc rElec Int+2} (You
                  | found it on level 11 of the Dungeon)
 11224 | D:12     | Noticed a centaur warrior
 11600 | D:12     | Killed a centaur warrior
 11729 | D:12     | Identified the +10 hunting sling of Juho {velocity, MR+}
                  | (Okawaru gifted it to you on level 12 of the Dungeon)
 11998 | D:13     | Found a runed translucent gate.
 11998 | D:13     | Found a runed translucent gate.
 11998 | D:13     | Found an opulent altar of Gozag.
 11998 | D:13     | Found a runed translucent gate.
 12003 | D:13     | Noticed a death knight
 12309 | D:12     | Killed a death knight
 12538 | D:13     | Reached skill level 12 in Shields
 12548 | D:13     | HP: 3/108 [freezing wraith[a death knight] (13)]
 12550 | D:12     | Mangled by a freezing wraith

Levels and vault maps discovered:
D:1:      grunt_arrival_crossed_arrows, layout_loops_corners
D:2:      layout_loops_ring, first_ration
D:3:      layout_loops_ring, nicolae_ru_awakened_eye, lightli_corner_chamber
D:4:      layout_cave_pools, portal_sewer_entry_f, serial_shops, shop,
          kennysheep_generic_room_3, uniq_duvessa
D:5:      layout_loops_ring, temple_pool_b, uniq_pikel
D:6:      layout_cave_pools, bloody_trog, basic_altar
D:7:      kb_forest_paths, layout_basic, lemuel_crystal_altar, grunt_livestock,
          uniq_menkaure
D:8:      layout_basic, serial_shops, kennysheep_mini_moat,
          ebering_dispersal_statue_hall, minmay_microvault
D:9:      layout_cross, okawaru_metal_pillars_1_2, serial_column_ruins,
          column_ruins_open_small, column_ruins_open_small,
          column_ruins_corridor_straight, uniq_grum
D:10:     layout_irregular_city, hangedman_decor_peaks_small,
          minmay_unpleasant_kobolds, uniq_nergalle, uniq_snorg
D:11:     layout_loops_ring, dpeg_oklobed_lair, orc_0_dummy,
          gauntlet_entry_generic
D:12:     layout_long_grid, grunt_ministairs_7, bh_circular_ruins
D:13:     layout_gridville, david_vaults_5, ebering_ghost_gozag

Skill      XL: |  1  2  3  4  5  6  7  8  9 10 11 12 |
---------------+-------------------------------------+-----
Shields        | 4 5 6 8 9 11 12 | 12.0
Axes           | 3 4 5 6 7 9 11 | 11.7
Armour         | 4 5 7 9 10 11 | 11.1
Fighting       | 4 5 6 7 8 9 10 | 10.8
Dodging        | 1 2 3 |  3.8
Polearms       | 7 8 |  8.3
Maces & Flails | 6 9 |  9.8
Stealth        | |  0.3
Invocations    | |  0.3

Action                   |  1- 3 |  4- 6 |  7- 9 | 10-12 || total
-------------------------+-------+-------+-------+-------++-------
Melee: War axe           |    98 |   128 |   231 |       ||   457
       Headbutt          |     9 |    18 |    50 |   214 ||   291
       Trident           |       |       |    20 |   229 ||   249
       Demon whip        |       |       |       |   606 ||   606
Invok: Heroism           |       |       |       |     4 ||     4
  Use: Scroll            |     2 |    10 |     7 |    14 ||    33
       Potion            |       |     2 |       |     7 ||     9
  Eat: Chunk             |       |     6 |     7 |     2 ||    15
       Ration            |       |       |     2 |     7 ||     9
Armor: Scale mail        |    36 |       |       |       ||    36
       Chain mail        |     8 |    71 |   102 |   298 ||   479
Dodge: Dodged            |    36 |    42 |    61 |   238 ||   377
Block: Shield            |    60 |    74 |   116 |   459 ||   709

Table legend:
 A = Non-vault XP
 B = Vault XP
 C = Vault XP percentage of total XP
 D = Non-vault monster count
 E = Vault monster count
 F = Vault count percentage of total count
                 A         B        C        D         E       F
            +---------+---------+-------+---------+---------+-------
      Total |   22298 |   11242 |  33.5 |     289 |      50 |  14.7
            +---------+---------+-------+---------+---------+-------
        D:1 |      37 |       0 |   0.0 |      20 |       0 |   0.0
        D:2 |      85 |       0 |   0.0 |      26 |       0 |   0.0
        D:3 |     142 |       0 |   0.0 |      24 |       0 |   0.0
        D:4 |     154 |     240 |  60.9 |       8 |       6 |  42.9
        D:5 |     257 |     651 |  71.7 |       8 |       1 |  11.1
        D:6 |     833 |       0 |   0.0 |      12 |       0 |   0.0
        D:7 |     967 |    1519 |  61.1 |      31 |      12 |  27.9
        D:8 |    1928 |     765 |  28.4 |      17 |       1 |   5.6
        D:9 |    1435 |     438 |  23.4 |      29 |       3 |   9.4
       D:10 |    3189 |    2067 |  39.3 |      29 |       8 |  21.6
       D:11 |    6278 |     557 |   8.1 |      35 |       1 |   2.8
       D:12 |    6178 |    1104 |  15.2 |      43 |       7 |  14.0
       D:13 |     815 |       0 |   0.0 |       7 |       0 |   0.0
      Sewer |       0 |     137 | 100.0 |       0 |       6 | 100.0
   Gauntlet |       0 |    3764 | 100.0 |       0 |       5 | 100.0
            +---------+---------+-------+---------+---------+-------
